 Dungeon Crawl Stone Soup version 0.14-a0-102-g2341383 (webtiles) character file.

1382 PolkaDot the Insei (level 8, -10/45 (49) HPs)
             Began as an Octopode Transmuter on Oct 3, 2013.
             Was an Initiate of Sif Muna.
             Shot with an arrow by a centaur (13 damage)
             ... on Level 5 of the Dungeon.
             The game lasted 00:24:38 (4360 turns).

PolkaDot the Insei (Octopode Transmuter)            Turns: 4360, Time: 00:24:39

HP -10/45 (49)   AC  2     Str 13      XL: 8   Next: 35%
MP  11/14        EV 20     Int 19      God: Sif Muna [......]
Gold 258         SH  0     Dex 18      Spells:  4 memorised,  2 levels left

Res.Fire  : . . .   See Invis. : .     - Unarmed
Res.Cold  : . . .   Warding    : .   (shield currently unavailable)
Life Prot.: . . .   Conserve   : .   (helmet currently unavailable)
Res.Poison: x       Res.Corr.  : .   x - amulet of stasis
Res.Elec. : .       Clarity    : .   i - +3 ring of intelligence
Sust.Abil.: . .     Spirit.Shd : .   h - ring of flight
Res.Mut.  : .       Stasis     : +   n - ring of wizardry
Res.Rott. : .       Flight     : .   o - +3 ring of strength
Saprovore : . . .                    (no ring)
                                     (no ring)
                                     (no ring)
                                     (no ring)

@: spider-form, mildly poisoned, quick, slightly resistant to hostile
enchantments, unstealthy
A: almost no armour, amphibious, 8 rings, (constrict 8), (camouflage 0)
a: End Transformation, Renounce Religion, Evoke Flight


You were on level 5 of the Dungeon.
You worshipped Sif Muna.
Sif Muna was noncommittal.
You were not hungry.
You were in spider-form.
You visited 1 branch of the dungeon, and saw 5 of its levels.

You collected 238 gold pieces.

Inventory:

Hand weapons
 f - a +0,+1 orcish club
 q - a cursed +0,+0 club
 r - a +0,+0 club
Missiles
 b - 12 arrows
Comestibles
 a - a bread ration
 c - 2 apples
 g - 3 meat rations
 p - 3 rotting chunks of ogre flesh
 s - a pear
 A - 10 sultanas
Scrolls
 e - 3 scrolls of remove curse {unknown}
 j - 6 scrolls of identify
 m - a scroll of random uselessness {unknown}
 t - a scroll of enchant weapon I
 u - a scroll of amnesia {unknown}
 w - a scroll of fog {unknown}
 y - a scroll of magic mapping {unknown}
 z - a scroll of teleportation
 B - a scroll of curse armour {unknown}
Jewellery
 h - a ring of flight (right front leg)
 i - a +3 ring of intelligence (left front leg)
 n - a ring of wizardry (on tentacle)
 o - a +3 ring of strength (on tentacle)
 x - an amulet of stasis (around neck)
Potions
 k - a potion of restore abilities
Books
 d - a book of Changes

   Spells                             Type                      Level
   *Beastly Appendage                 Transmutation                1
   *Sticks to Snakes                  Transmutation                2
   *Spider Form                       Transmutation/Poison         3
   Ice Form                           Ice/Transmutation            4
   *Blade Hands                       Transmutation                5
 l - a book of the Warp

   Spells                             Type                      Level
   Recall                             Summoning/Translocation      3
   Control Teleport                   Charms/Translocation         4
   Phase Shift                        Translocation                5
   Warp Weapon                        Charms/Translocation         5
   Dispersal                          Translocation                6
   Controlled Blink                   Translocation                7
   Disjunction                        Translocation                8
 v - Sif Muna's Compendium of Sinister Magic
   (You found it on level 5 of the Dungeon)

   Spells                             Type                      Level
   Pain                               Necromancy                   1


   Skills:
 - Level 1.6 Fighting
 - Level 2.0 Dodging
 * Level 7.2 Unarmed Combat
 + Level 3.0 Spellcasting
 * Level 6.2 Transmutations
 - Level 2.5 Poison Magic


You had 2 spell levels left.
You knew the following spells:

 Your Spells              Type           Power        Failure   Level  Hunger
a - Beastly Appendage     Trmt           ####..       2%          1    None
d - Spider Form           Trmt/Pois      ###.......   10%         3    ###....
s - Sticks to Snakes      Trmt           ####......   3%          2    ##.....
B - Blade Hands           Trmt           ####......   28%         5    #####..


Dungeon Overview and Level Annotations

Branches:
Dungeon (5/27)             Temple (0/1) D:5

Altars:
Ashenzari
Elyvilon
Fedhas
Nemelex Xobeh
Okawaru
Sif Muna
Vehumet


Innate Abilities, Weirdness & Mutations

You cannot wear most types of armour.
You are amphibious.
You can wear up to eight rings at the same time.*
((You can use your tentacles to constrict many enemies at once.))*
((Your skin changes colour to match your surroundings (Stlth).))*
((Your rubbery body absorbs attacks (AC +1).))*


Message History

You open the door.
Found three items.
Found a stone staircase leading up.
There is an open door here.
* * * LOW HITPOINT WARNING * * *
You feel sick.
B - a scroll labeled THRYKKU MIARPHAH
j - 6 scrolls of identify (gained 1)
There is a stone staircase leading up here.
A centaur comes into view.
* * * LOW HITPOINT WARNING * * *
You feel sick.
The centaur shouts!
The centaur wields a bow.
The centaur shoots an arrow.
The arrow misses you.
Read which item? (? for menu, Esc to quit)
You cannot teleport right now.
Casting: Blade Hands
Confirm with . or Enter, or press ? or * to list all spells.
You turn into a venomous arachnid creature.
The centaur shoots an arrow.
The arrow hits you!
You die...

########## #####
#....(...# #....
#........########....
#..?s....'...........
#.....<..########....
#........# #>...
#........# #....
##'####### #<... #c
##.## ## #... #### #


You could see a centaur.

Vanquished Creatures
  The ghost of Dewdirk the Digger, an experienced GrEE (D:4)
  Menkaure (D:4)
  A necrophage (D:5)
  4 ogres
  An iguana (D:4)
  A scorpion (D:5)
  4 worker ants
  2 hounds
  2 orc wizards (D:5)
  2 adders
  A giant mite (D:2)
  An inept feature mimic (D:5)
  2 worms
  6 orcs
  A ball python (D:2)
  8 bats
  7 giant cockroaches
  12 goblins
  13 hobgoblins
  5 giant geckos
  2 giant newts
  7 kobolds
  A quokka zombie (D:5)
  16 rats
  2 rat skeletons (D:4)
103 creatures vanquished.

Notes
Turn   | Place    | Note
--------------------------------------------------------------
     0 | D:1      | PolkaDot, the Octopode Transmuter, began the quest for the Orb.
     0 | D:1      | Reached XP level 1. HP: 13/13 MP: 1/1
    34 | D:1      | Found an iron altar of Okawaru.
   107 | D:1      | Reached XP level 2. HP: 11/18 MP: 0/3
   572 | D:1      | Reached XP level 3. HP: 21/23 MP: 4/4
   930 | D:2      | Learned a level 2 spell: Sticks to Snakes
   934 | D:2      | Learned a level 3 spell: Spider Form
   986 | D:2      | Found a shattered altar of Ashenzari.
  1093 | D:2      | Found a sparkling altar of Nemelex Xobeh.
  1134 | D:2      | Reached skill level 4 in Unarmed Combat
  1336 | D:2      | Found a blossoming altar of Fedhas.
  1673 | D:2      | Reached XP level 4. HP: 25/28 MP: 6/6
  2005 | D:3      | Found a white marble altar of Elyvilon.
  2388 | D:4      | Noticed an ogre
  2396 | D:4      | Killed an ogre
  2396 | D:4      | Reached skill level 5 in Unarmed Combat
  2396 | D:4      | Reached XP level 5. HP: 7/34 MP: 0/7
  2710 | D:4      | Noticed an ogre
  2722 | D:4      | Killed an ogre
  2722 | D:4      | Reached XP level 6. HP: 39/39 MP: 6/9
  2754 | D:4      | Noticed Dewdirk's ghost (experienced GrEE)
  2773 | D:4      | Killed Dewdirk's ghost
  2773 | D:4      | Reached XP level 7. HP: 23/44 MP: 9/11
  2880 | D:4      | Reached skill level 6 in Unarmed Combat
  3013 | D:4      | Found a radiant altar of Vehumet.
  3063 | D:4      | Noticed Menkaure
  3074 | D:4      | Killed Menkaure
  3074 | D:4      | Reached skill level 1 in Poison Magic
  3148 | D:4      | Reached skill level 5 in Transmutations
  3529 | D:4      | Learned a level 5 spell: Blade Hands
  3622 | D:5      | Entered Level 5 of the Dungeon
  3859 | D:5      | Found a deep blue altar of Sif Muna.
  3870 | D:5      | Reached XP level 8. HP: 15/49 MP: 7/13
  3879 | D:5      | Identified Sif Muna's Compendium of Sinister Magic
  3894 | D:5      | Became a worshipper of Sif Muna the Loreminder
  4097 | D:5      | Reached skill level 7 in Unarmed Combat
  4122 | D:5      | Found a staircase to the Ecumenical Temple.
  4346 | D:5      | HP: 2/45 [poisoned by a necrophage]
  4353 | D:5      | HP: 2/45 [poisoned by a necrophage]
  4359 | D:5      | HP: 2/45 [poisoned by a necrophage]
  4360 | D:5      | Shot with an arrow by a centaur

Action                   |  1- 3 |  4- 6 |  7- 9 || total
-------------------------+-------+-------+-------++-------
Melee: Unarmed           |    49 |    47 |    91 ||   187
       Spear             |    30 |       |       ||    30
 Cast: Beastly Appendage |     3 |     2 |     4 ||     9
       Spider Form       |       |     2 |     5 ||     7
       Blade Hands       |       |       |     9 ||     9
  Use: Potion            |     2 |     6 |     5 ||    13
       Scroll            |     2 |     3 |       ||     5
 Stab: Sleeping          |     1 |     1 |     3 ||     5
